 Dungeon Crawl Stone Soup version 0.20.1-1-g8b1a95d (webtiles) character file.

2720 arttle the Basher (level 9, 0/70 HPs)
             Began as a Minotaur Berserker on Oct 17, 2017.
             Was a High Priest of Trog.
             Slain by a hound (1 damage)
             ... on level 9 of the Dungeon on Oct 18, 2017.
             The game lasted 00:43:30 (7561 turns).

arttle the Basher (Minotaur Berserker)              Turns: 7561, Time: 00:43:31

Health: 0/70       AC:  8    Str: 23    XL:     9   Next: 39%
Magic:  0/8        EV:  8    Int:  4    God:    Trog [*****.]
Gold:   430        SH:  0    Dex: 12    Spells: 8/8 levels left

rFire    x . .     SeeInvis .   H - +1 flail (holy)
rCold    + . .     Gourm    .   (no shield)
rNeg     + . .     Faith    +   M - +0 chain mail
rPois    .         Spirit   +   (helmet restricted)
rElec    .         Reflect  .   v - scarf {Spirit}
rCorr    .         Harm     .   (no gloves)
MR       .....                  (no boots)
Stlth    ..........             P - amulet of faith
Regen    0.3/turn               N - ring of positive energy
MPRegen  0.2/turn               B - ring of ice

@: berserk cooldown, slowed, drained, very slow
A: retaliatory headbutt, horns 2
a: Berserk, Trog's Hand, Brothers in Arms, Burn Spellbooks, Renounce Religion


You were on level 9 of the Dungeon.
You worshipped Trog.
Trog was extremely pleased with you.
You were near starving.

You visited 2 branches of the dungeon, and saw 10 of its levels.

You collected 430 gold pieces.

Inventory:

Hand Weapons
 a - a +0 mace
 b - a +0 flail
 H - a +1 flail of holy wrath (weapon)
Missiles
 I - 5 steel javelins (quivered)
Armour
 v - a scarf of spirit shield (worn)
 x - a +0 chain mail
 C - a +0 chain mail
 M - a +0 chain mail (worn)
Jewellery
 p - an uncursed amulet of harm
 y - an uncursed ring of magical power
 B - a ring of ice (right hand)
 N - a ring of positive energy (left hand)
 P - an amulet of faith (around neck)
Wands
 A - a wand of random effects (15/48)
 J - a wand of random effects (34/48)
Scrolls
 d - 3 scrolls of fear {unknown}
 e - 3 scrolls of teleportation {unknown}
 g - 7 scrolls of remove curse
 k - 5 scrolls of amnesia
 l - a scroll of immolation {unknown}
 n - a scroll of magic mapping {unknown}
 q - 2 scrolls of fog {unknown}
 s - 6 scrolls of identify
 z - a scroll of recharging {unknown}
 D - a scroll of random uselessness {unknown}
 E - a scroll of acquirement {unknown}
 G - a scroll of blinking {unknown}
 K - a scroll of noise {unknown}
 O - 2 scrolls of enchant armour {unknown}
Potions
 f - 7 potions of curing
 h - 2 potions of mutation
 i - a potion of agility {unknown}
 j - 5 potions of lignification {unknown}
 m - a potion of heal wounds {unknown}
 o - a potion of magic {unknown}
 t - a potion of invisibility {unknown}
 u - 2 potions of might {unknown}
 F - a potion of cancellation {unknown}
 L - 3 potions of haste {unknown}
Comestibles
 c - 6 bread rations
 r - 8 meat rations
 w - a royal jelly
 Q - 4 fruits


   Skills:
 - Level 3.6(3.2) Fighting
 * Level 14.9(14.3) Maces & Flails
 - Level 2.4(2.0) Armour
 - Level 2.1(1.8) Dodging


You had 8 spell levels left.
You didn't know any spells.

Dungeon Overview and Level Annotations

Branches:
Dungeon (9/15)             Temple (1/1) D:5
   Lair: D:8-11         Orc: D:9-12

Altars:
Ashenzari
Dithmenos
Elyvilon
Kikubaaqudgha
Makhleb
Sif Muna
Uskayaw
The Shining One


Innate Abilities, Weirdness & Mutations

You reflexively headbutt those who attack you in melee.
You have a pair of horns on your head.


Message History

The porcupine bites you.
* * * LOW HITPOINT WARNING * * *
The hound closely misses you. You furiously retaliate!
You headbutt the hound.
The worker ant zombie bites you but does no damage.
The porcupine bites you.
* * * LOW HITPOINT WARNING * * *
The hound closely misses you. The gnoll hits you.
* * * LOW HITPOINT WARNING * * *
The porcupine bites you but does no damage.
The gnoll closely misses you.
The worker ant zombie bites you but does no damage.
The hound bites you but does no damage.
The gnoll shaman calls upon its god to speed up the gnoll.
The gnoll seems to speed up.
The gnoll hits you.
* * * LOW HITPOINT WARNING * * *
The worker ant zombie bites you but does no damage.
The hound stops to sniff the ground.
The hound bites you.
You die...

... #.!# #..# ..P
#..#..# 8 ... #..#..#
..$ ....
#..#..######....
.P.P.#..#...r........
....r#..#..gh@.......
Yl.PP...#.YrZY.......
.....Y..#.l.g........
....##'#............
P..P.l..lY...........
..P......<...........
.......#######..#####
.P..... ..# .......
.#


You could see 3 yaks, a basilisk, a gnoll shaman, an iguana, 2 porcupines, a
hound, a gnoll and a worker ant zombie.

Vanquished Creatures
  The ghost of Irenicus the Insei, an amateur OpCK of Xom (D:4)
  A yak (D:9)
  A water moccasin (D:6)
  An ice beast (D:8)
  2 black bears (D:8)
  A phantom (D:6)
  An ogre (D:6)
  5 centaurs
  A bullfrog (D:7)
  Blork the orc (D:6)
  A big kobold (D:7)
  A scorpion (D:5)
  4 wights (D:8)
  2 crimson imps
  2 hounds
  3 jellies (D:4)
  A centaur skeleton (D:4)
  A gnoll shaman (D:5)
  3 orc priests
  2 orc wizards (D:5)
  5 worker ants
  2 iguanas
  14 gnolls
  A howler monkey skeleton (D:6)
  9 adders
  12 oozes
  An adder zombie (D:5)
  2 worms
  4 dart slugs
  5 leopard geckos
  16 orcs
  10 bats
  5 giant cockroaches
  4 goblins
  7 hobgoblins
  12 jackals
  14 kobolds
  6 quokkas
  2 ball pythons (D:5)
  4 frilled lizards
  A jackal skeleton (D:6)
  12 rats
183 creatures vanquished.

Vanquished Creatures (others)
  10 toadstools (D:4)
10 creatures vanquished.

Grand Total: 193 creatures vanquished

Notes
Turn   | Place    | Note
-------+----------+-------------------------------------------
     0 | D:1      | arttle the Minotaur Berserker began the quest for the Orb.
     0 | D:1      | Reached XP level 1. HP: 19/19 MP: 0/0
   252 | D:1      | Reached skill level 4 in Maces & Flails
   406 | D:1      | Reached XP level 2. HP: 23/26 MP: 1/1
   786 | D:2      | Reached skill level 5 in Maces & Flails
   794 | D:2      | Reached XP level 3. HP: 21/31 MP: 2/2
  1132 | D:2      | Reached ** piety under Trog
  1427 | D:2      | Reached skill level 6 in Maces & Flails
  1427 | D:2      | Reached XP level 4. HP: 39/39 MP: 3/3
  1652 | D:3      | You fall through a shaft for 3 floors!
  1666 | D:5      | Entered Level 5 of the Dungeon
  1769 | D:4      | Noticed Irenicus's ghost (amateur OpCK)
  1775 | D:4      | Killed Irenicus's ghost
  1775 | D:4      | Reached skill level 8 in Maces & Flails
  1775 | D:4      | Reached XP level 5. HP: 45/45 MP: 2/4
  1775 | D:4      | Reached XP level 6. HP: 51/51 MP: 2/5
  2398 | D:3      | Reached skill level 9 in Maces & Flails
  2403 | D:3      | Reached *** piety under Trog
  2758 | D:3      | Found a deep blue altar of Sif Muna.
  3244 | D:4      | Reached XP level 7. HP: 56/57 MP: 6/6
  3553 | D:4      | Reached skill level 10 in Maces & Flails
  3574 | D:4      | Reached **** piety under Trog
  4014 | D:5      | Found a staircase to the Ecumenical Temple.
  4040 | D:5      | Reached skill level 11 in Maces & Flails
  4217 | D:5      | Reached XP level 8. HP: 32/64 MP: 3/7
  4762 | Temple   | Entered the Ecumenical Temple
  4809 | D:6      | Noticed Blork the orc
  4815 | D:6      | Killed Blork the orc
  4815 | D:6      | Reached skill level 12 in Maces & Flails
  5056 | D:6      | Received a gift from Trog
  5515 | D:6      | Reached skill level 13 in Maces & Flails
  5687 | D:7      | Found a glowing golden altar of the Shining One.
  6300 | D:7      | Found a shadowy altar of Dithmenos.
  6657 | D:8      | Reached XP level 9. HP: 57/70 MP: 8/8
  6669 | D:8      | Found a shattered altar of Ashenzari.
  6710 | D:8      | Reached ***** piety under Trog
  6761 | D:8      | Reached skill level 14 in Maces & Flails
  7560 | D:9      | HP: 1/70 [gnoll (4)]
  7561 | D:9      | Slain by a hound

Skill      XL: |  1  2  3  4  5  6  7  8  9 |
---------------+----------------------------+-----
Maces & Flails | 4 5 6 8 9 11 13 14 | 14.9
Fighting       | |  3.6
Armour         | |  2.4
Dodging        | |  2.1

Action                   |  1- 3 |  4- 6 |  7- 9 || total
-------------------------+-------+-------+-------++-------
Melee: Mace              |    83 |   106 |       ||   189
       Headbutt          |    10 |    17 |    58 ||    85
       Flail             |       |    22 |   256 ||   278
Invok: Berserk           |       |     3 |     3 ||     6
       Burn Spellbooks   |       |       |     2 ||     2
  Use: Scroll            |       |     1 |     3 ||     4
 Stab: Sleeping          |     2 |       |       ||     2
  Eat: Chunk             |     2 |     8 |    15 ||    25
Armor: Animal skin       |     8 |       |       ||     8
       Ring mail         |     9 |    16 |       ||    25
       Chain mail        |       |    19 |   116 ||   135
Dodge: Dodged            |    47 |    47 |   105 ||   199
